Map: Thunderbird LE

Players

SouLeer - Winner!

  • Race: Zerg Zerg
  • Spawn Location: 11:00

SaLemandr

  • Race: Terran Terran
  • Spawn Location: 5:00

Event: 2019 WCS Summer

VOD

Have the link to the VOD?

Description

Time

  • Played on: July 12, 2019, 10:38 a.m.
  • Length: 12:18

All games in this series

Show
View Real Time Build Order
Export as new Build Order

SouLeer Zerg - Winner!

Build Orders: Pool First 

Get SALT Encoding   

  12  0:00  Drone  
  13  0:13  Overlord  
  13  0:17  Drone  
  14  0:31  Drone x2  
  16  0:49  Spawning Pool  
  16  0:50  Drone, Extractor  
  16  0:51  Drone  
  16  1:15  Hatchery  
  15  1:19  Drone  
  15  1:25  Drone  
  17  1:35  Queen  
  19  1:40  Zergling x2  
  19  1:43  Drone  
  21  1:50  Overlord  
  21  1:57  Metabolic Boost  
  21  2:01  Drone  
  22  2:10  Drone  
  22  2:13  Queen  
  25  2:20  Drone  
  26  2:30  Drone x2  
  26  2:31  Queen  
  26  2:36  Drone  
  31  2:40  Drone  
  31  2:43  Spore Crawler  
  31  2:47  Drone  
  33  2:51  Drone x2  
  33  2:53  Overlord  
  35  2:59  Spore Crawler  
  35  3:00  Drone  
  36  3:13  Zergling x6  
  39  3:21  Drone x3  
  39  3:25  Hatchery, Queen  
  43  3:30  Overlord  
  43  3:39  Drone  
  43  3:40  Overlord  
  44  3:49  Zergling x8  
  44  3:50  Drone  
  44  3:51  Drone  
  50  3:55  Baneling Nest  
  50  3:56  Drone x2  
  50  4:01  Queen  
  53  4:04  Drone x2  
  53  4:07  Drone  
  55  4:12  Overlord  
  55  4:16  Drone x2  
  57  4:21  Spore Crawler x2  
  55  4:24  Zergling x2  
  55  4:25  Zergling x4  
  55  4:26  Drone  
  55  4:29  Extractor  
  58  4:34  Overlord  
  58  4:36  Queen  
  60  4:39  Queen  
  60  4:45  Lair  
  62  4:46  Drone  
  62  4:47  Drone  
  62  4:49  Drone  
  65  4:58  Drone x2  
  65  4:59  Drone x3  
  70  5:00  Spore Crawler  
  70  5:01  Drone  
  70  5:04  Baneling x4  
  70  5:05  Zergling x2  
  70  5:09  Zergling x4  
  70  5:10  Baneling  
  70  5:12  Zergling x2  
  73  5:18  Drone, Evolution Chamber  
  73  5:20  Evolution Chamber  
  72  5:22  Drone x2  
  72  5:28  Zergling x4  
  76  5:29  Drone x4  
  76  5:30  Drone  
  76  5:33  Drone  
  76  5:34  Overlord  
  82  5:37  Extractor  
  82  5:40  Drone  
  82  5:41  Overlord  
  82  5:44  Overlord  
  82  5:50  Overlord  
  82  5:52  Zerg Ground Armor Level 1  
  82  5:57  Overlord  
  81  5:59  Drone x5  
  81  6:03  Drone x3  
  89  6:05  Drone  
  89  6:08  Drone  
  90  6:12  Hydralisk Den  
  90  6:13  Extractor  
  90  6:14  Baneling x3, Extractor  
  87  6:19  Centrifical Hooks  
  87  6:21  Drone x3  
  87  6:22  Drone x3  
  93  6:25  Overlord  
  93  6:32  Zerg Missile Weapons Level 1  
  93  6:36  Overlord  
  93  6:37  Hatchery  
  93  6:39  Zergling x10  
  97  6:40  Zergling x2  
  97  6:44  Zergling x2  
  97  6:46  Overlord  
  99  6:50  Overseer  
  99  6:51  Queen  
  99  6:53  Hydralisk  
  99  6:54  Hydralisk, Muscular Augments  
  101  6:58  Extractor  
  101  6:59  Drone x2  
  101  7:00  Hydralisk  
  108  7:05  Hydralisk  
  108  7:06  Hydralisk  
  112  7:12  Hydralisk x2  
  112  7:15  Drone x4  
  119  7:16  Drone  
  119  7:17  Overlord  
  119  7:19  Hydralisk x2  
  119  7:22  Overlord  
  125  7:26  Hydralisk x2  
  129  7:33  Zergling x8  
  129  7:36  Zergling x8  
  117  7:40  Hydralisk x2  
  113  7:47  Drone  
  113  7:48  Infestation Pit, Drone x2  
  114  7:55  Hydralisk x3  
  120  8:02  Drone x5  
  125  8:11  Baneling x10  
  125  8:14  Hydralisk x2  
  125  8:15  Hatchery  
  125  8:17  Zergling x4  
  129  8:23  Zergling x10  
  134  8:31  Overlord  
  134  8:33  Zergling x12  
  139  8:37  Zergling x2  
  139  8:38  Zergling x10  
  139  8:39  Baneling x5  
  139  8:40  Baneling  
  145  8:43  Zerg Missile Weapons Level 2  
  145  8:45  Zergling x4  
  145  8:46  Zergling x4  
  145  8:48  Zergling x4  
  148  8:53  Drone, Hive  
  148  8:55  Zergling x4  
  151  8:57  Zergling x4  
  151  8:58  Zergling x2  
  151  9:00  Overlord  
  153  9:05  Hydralisk x3  
  159  9:17  Hydralisk x6  
  144  9:19  Zergling x6  
  144  9:22  Zergling x6  
  144  9:23  Zergling x2  
  150  9:25  Zergling x4  
  150  9:30  Hydralisk x3  
  143  9:34  Hydralisk x2  
  141  9:41  Drone  
  141  9:42  Drone x3  
  141  9:44  Hydralisk x2  
  149  9:50  Zerg Ground Armor Level 2  
  149  9:51  Queen  
  151  9:53  Drone x2  
  151  9:55  Baneling x5  
  153  10:00  Zergling x2  
  153  10:01  Zergling x10  
  153  10:04  Baneling x2  
  153  10:05  Baneling x2  
  159  10:09  Drone x3, Extractor  
  159  10:11  Drone x2  
  163  10:15  Viper  
  163  10:18  Baneling  
  163  10:20  Zergling x14  
  173  10:21  Overlord  
  173  10:29  Overlord  
  173  10:30  Overlord x2  
  168  10:40  Viper x2  
  170  10:50  Hydralisk x4, Spore Crawler  
  177  10:58  Zergling x16  
  177  11:02  Zergling x12  
  191  11:06  Zergling x2  
  191  11:07  Zergling x4  
  191  11:11  Zergling x10  
  192  11:13  Zergling x10  
  192  11:16  Zergling x6  
  187  11:20  Baneling  
  187  11:24  Zergling x14  
  190  11:26  Baneling x6  
  190  11:27  Baneling x2  
  190  11:28  Baneling x8  
  190  11:29  Queen  
  190  11:32  Zergling x6  
  195  11:35  Baneling x3  
  195  11:38  Zergling x10  
  195  11:39  Baneling x2  
  200  11:40  Baneling x7  
  200  11:44  Hatchery  
  199  11:49  Zergling x2  
Show
View Real Time Build Order
Export as new Build Order

SaLemandr Terran 

Build Orders: Hellion Opening, Reaper Expand 

Get SALT Encoding   

  12  0:00  SCV  
  13  0:12  SCV  
  14  0:17  Supply Depot  
  14  0:24  SCV  
  15  0:38  SCV  
  15  0:40  Barracks  
  16  0:51  SCV  
  16  0:52  Refinery  
  17  1:03  SCV  
  18  1:15  SCV  
  19  1:28  Orbital Command  
  19  1:35  Reaper  
  20  1:43  Command Center  
  20  1:54  Supply Depot  
  20  1:55  SCV  
  21  2:07  Marine, SCV  
  23  2:13  Factory  
  23  2:19  SCV  
  24  2:25  Refinery  
  23  2:30  Barracks Reactor  
  23  2:31  SCV  
  24  2:43  SCV  
  25  2:55  SCV  
  26  3:07  SCV  
  26  3:09  Starport  
  29  3:13  Hellion x2  
  29  3:15  Orbital Command  
  29  3:17  Barracks Tech Lab  
  29  3:19  SCV  
  31  3:32  SCV  
  34  3:34  Hellion x2  
  34  3:38  Supply Depot  
  34  3:40  SCV  
  37  3:44  SCV  
  38  3:52  SCV  
  38  3:53  Viking  
  43  3:56  Hellion x2  
  43  3:57  SCV  
  46  4:05  SCV  
  46  4:09  SCV  
  48  4:13  Supply Depot  
  49  4:17  SCV, Hellion x2  
  49  4:21  SCV  
  49  4:22  Raven  
  54  4:34  SCV x2  
  54  4:36  Supply Depot  
  54  4:41  Command Center  
  54  4:42  Hellion x2  
  58  4:46  SCV x2  
  60  4:53  Refinery  
  60  4:55  Refinery, Supply Depot  
  60  4:58  SCV x2  
  62  5:02  Armory  
  62  5:09  Engineering Bay  
  62  5:11  SCV  
  65  5:17  Supply Depot  
  63  5:23  Factory x2  
  63  5:25  SCV, Starport Reactor  
  63  5:28  Hellion  
  66  5:29  Hellion  
  66  5:30  SCV  
  69  5:37  Barracks Tech Lab, SCV  
  69  5:40  Missile Turret  
  69  5:41  Missile Turret  
  69  5:42  SCV  
  71  5:49  SCV, Hellion  
  74  5:50  Hellion  
  74  5:51  Terran Vehicle And Ship Armor Level 1  
  76  5:57  Liberator  
  76  5:58  SCV  
  76  6:01  SCV  
  76  6:02  Orbital Command  
  78  6:10  SCV  
  79  6:14  Cyclone, Mag-Field Accelerator  
  79  6:17  SCV  
  86  6:19  Cyclone  
  86  6:22  Orbital Command  
  86  6:23  Hellion  
  91  6:26  SCV  
  91  6:30  SCV  
  93  6:37  Hellion  
  93  6:38  SCV  
  96  6:41  Liberator x2  
  96  6:42  SCV  
  96  6:46  Cyclone  
  100  6:48  SCV  
  101  6:56  Supply Depot  
  101  6:58  SCV x2  
  101  6:59  Supply Depot  
  109  7:07  Factory  
  109  7:09  Factory  
  109  7:16  Supply Depot  
  109  7:17  SCV, Infernal Pre-Igniter  
  109  7:18  Supply Depot  
  109  7:19  SCV  
  109  7:21  Hellion x2  
  115  7:24  SCV  
  116  7:35  Hellion, Cyclone  
  116  7:37  SCV  
  103  7:42  Supply Depot  
  103  7:43  Hellion  
  96  7:45  Supply Depot  
  96  7:47  SCV  
  97  7:56  Cyclone, Hellion  
  97  7:57  Factory Reactor  
  97  7:58  Factory Tech Lab  
  99  8:00  Refinery  
  99  8:01  Refinery  
  99  8:02  SCV  
  99  8:03  Command Center  
  99  8:04  SCV  
  101  8:06  SCV  
  101  8:07  Cyclone  
  101  8:09  Liberator  
  101  8:10  Supply Depot  
  105  8:13  Supply Depot  
  105  8:16  Hellion, Cyclone  
  105  8:18  Hellion  
  105  8:19  SCV  
  113  8:23  SCV  
  117  8:29  SCV  
  117  8:33  Cyclone  
  120  8:34  Hellion  
  120  8:38  SCV x2  
  122  8:47  Hellion, Cyclone  
  122  8:48  Hellion, Cyclone  
  129  8:50  SCV  
  129  8:51  Liberator  
  129  8:52  SCV  
  131  9:00  Hellion  
  135  9:02  Hellion  
  135  9:04  Terran Vehicle And Ship Armor Level 2  
  135  9:05  Supply Depot x3  
  135  9:06  SCV, Cyclone  
  135  9:09  SCV  
  133  9:17  Hellion  
  133  9:18  Hellion  
  133  9:19  Cyclone  
  133  9:20  Cyclone  
  133  9:21  Hellion  
  121  9:27  Hellion  
  121  9:28  SCV  
  121  9:38  Hellion, Cyclone  
  126  9:40  Hellion  
  126  9:44  Supply Depot  
  126  9:45  Hellion, Supply Depot  
  130  9:49  Hellion  
  130  9:50  Factory  
  130  9:51  Cyclone  
  130  9:52  Planetary Fortress  
  135  9:53  Cyclone  
  138  10:02  SCV  
  138  10:05  Hellion x2  
  138  10:06  Hellion  
  138  10:07  Refinery, SCV  
  146  10:08  Sensor Tower  
  146  10:09  SCV  
  146  10:10  Cyclone  
  146  10:12  Refinery  
  150  10:16  SCV  
  150  10:21  Liberator, Hellion  
  153  10:23  Cyclone  
  153  10:26  SCV, Hellion  
  162  10:30  SCV, Hellion  
  162  10:34  SCV  
  160  10:39  SCV  
  163  10:44  Factory Tech Lab  
  163  10:46  Starport  
  163  10:47  Starport  
  163  10:53  SCV  
  163  10:56  Siege Tank x2, Command Center  
  168  10:57  Siege Tank, Hellion x2  
  168  10:58  Hellion x2  
  168  10:59  SCV  
  171  11:10  Hellion  
  151  11:18  Hellion x2  
  151  11:20  SCV  
  151  11:25  Starport Reactor x2  
  131  11:27  Armory, SCV  
  131  11:28  Siege Tank x2  
  131  11:29  Siege Tank, SCV  
  131  11:31  SCV  
  143  11:33  Supply Depot  
  143  11:35  Supply Depot  
  143  11:39  SCV  
  144  11:45  Hellion  
  147  11:51  Armory  
Tags
 
Add a new tag
Caveats
  • Supply blocks, unpowered buildings, or Contaminate may cause inaccurate times.
  • Supply counts are checked every 10 seconds.